 Dungeon Crawl Stone Soup version 0.23-a0-650-ga4d50d4 (webtiles) character file.

9 Amnesiac the Sneak (level 2, 0/11 HPs)
             Began as a Felid Earth Elementalist on Jan 5, 2019.
             Succumbed to a worker ant's poison
             ... on level 4 of the Dungeon.
             The game lasted 00:00:50 (281 turns).

Amnesiac the Sneak (Felid Earth Elementalist)        Turns: 281, Time: 00:00:51

Health: 0/11       AC:  1    Str:  4    XL:     2   Next: 6%
Magic:  4/6        EV: 18    Int: 16    God:
Gold:   34         SH:  0    Dex: 16    Spells: 2/5 levels left
                                        Lives:  0   Deaths: 0

rFire    . . .     SeeInvis +   (weapon unavailable)
rCold    . . .     Gourm    .   (shield unavailable)
rNeg     . . .     Faith    .   (armour unavailable)
rPois    .         Spirit   .   (helmet unavailable)
rElec    .         Reflect  .   (cloak unavailable)
rCorr    .         Harm     .   (gloves unavailable)
MR       .....                  (boots unavailable)
Stlth    +++.......             (no amulet)
HPRegen  0.03/turn              (no ring)
MPRegen  0.10/turn              (no ring)

@: lethally poisoned (0 -> -11), quick
A: very small, no armour, no weapons or thrown items, stealth, claws 1, fangs 3,
see invisible, carnivore, speed 1, shaggy fur 1, slow metabolism 1, sharp paws
a: no special abilities


You were on level 4 of the Dungeon.
You were not hungry.

You visited 1 branch of the dungeon, and saw 4 of its levels.

You collected 34 gold pieces.

Inventory:

Missiles
 b - 42 stones
Scrolls
 a - a scroll of noise {!r, unknown}
Comestibles
 c - a ration


   Skills:
 - Level 2.6 Dodging
 - Level 3.0 Stealth
 + Level 0.5 Unarmed Combat
 + Level 2.1 Spellcasting
 - Level 1.1 Transmutations
 * Level 2.9 Earth Magic


You had 2 spell levels left.
You knew the following spells:

 Your Spells              Type           Power        Failure   Level  Hunger
a - Sandblast             Erth           ##....       6%          1    #......
b - Passwall              Tmut/Erth      #.......     14%         2    ###....

Your spell library contained the following spells:

 Spells                   Type           Power        Failure   Level  Hunger
 Stone Arrow              Conj/Erth      #.....       32%         3    ###....
 Petrify                  Tmut/Erth      #.......     65%         4    #####..
 Lee's Rapid Deconstruct  Erth           ##........   86%         5    ######.


Dungeon Overview and Level Annotations

Branches:
Dungeon (4/15)
 Temple: D:4-7

Altars:


Innate Abilities, Weirdness & Mutations

You cannot wear armour.
You are incapable of wielding weapons or throwing items.
Your paws allow you to move quietly. (Stealth)
You have sharp claws.
You have razor-sharp teeth.
You have supernaturally acute eyesight. (SInv)
You are carnivorous and can eat meat at any time.
You cover ground quickly.
You are covered in fur. (AC +1)
You have a slow metabolism.
Your sharp claws are effective at attacking unaware monsters.


Message History

You open the door.
A bat comes into view.
The bat hits you but does no damage.
Found 24 bolts.
Found two stone staircases leading down.
The bat misses you.
There is an open door here.
The bat closely misses you. The bat closely misses you.
There is a stone staircase leading down here.
The bat closely misses you.
You climb downwards.
Found a stone staircase leading down.
There is a stone staircase leading up here.
A hobgoblin comes into view.
Found a stone staircase leading up.
There is a stone staircase leading down here.
You climb downwards.
There is a stone staircase leading up here.
HP restored.
You now have 20 gold pieces (gained 7).
You now have 24 gold pieces (gained 4).
You now have 34 gold pieces (gained 10).
Found a stone staircase leading down.
Found 22 bolts.
A hobgoblin comes into view. It is wielding a +0 club.
You can't go down here!
There is a stone staircase leading down here.
You climb downwards.
A worker ant and an ogre come into view.
Found a plate armour.
There is a stone staircase leading up here.
Casting: Sandblast (safe; 6% risk of failure)
Confirm with . or Enter, or press ? or * to list all spells.
Aiming: Sandblast (safe; 6% risk of failure)
Press: ? - help, Shift-Dir - straight line, f - worker ant
Aim: a worker ant The blast of sand hits the worker ant.
b - 43 stones Unknown command.
Casting: Sandblast (safe; 6% risk of failure)
Confirm with . or Enter, or press ? or * to list all spells.
Aiming: Sandblast (safe; 6% risk of failure)
Press: ? - help, Shift-Dir - straight line, f/p - worker ant
Aim: a worker ant The blast of sand misses the worker ant.
b - 42 stones Unknown command.
The worker ant bites you!
Ouch! That really hurt!
* * * LOW HITPOINT WARNING * * *
You are lethally poisoned!
The worker ant poisons you!
* * * LOW HITPOINT WARNING * * *
You feel sick.
* * * LOW HITPOINT WARNING * * *
You feel sick.
You aren't carrying any potions.
* * * LOW HITPOINT WARNING * * *
You feel sick.
Found a ration.
You aren't carrying any potions.
Okay, then.
You die...

.#.........
......................
......................
........... .........
.......[..# .........
..........## #........
...........###........
...........##.@.....%.
.......<...##....##..#
...........#.a##..#
O..........#..# ##...
##........#..## ..#
####....##..# ..
######..## . #..# ..##


You could see a worker ant.

Vanquished Creatures
  An ooze (D:1)
  A dart slug (D:1)
  2 kobolds (D:1)
4 creatures vanquished.

Notes
Turn   | Place    | Note
-------+----------+-------------------------------------------
     0 | D:1      | Amnesiac the Felid Earth Elementalist began the quest for
                  | the Orb.
     0 | D:1      | Reached XP level 1. HP: 7/7 MP: 4/4
   113 | D:1      | Reached skill level 3 in Stealth
   113 | D:1      | Reached XP level 2. HP: 11/11 MP: 0/6
   157 | D:1      | Learned a level 2 spell: Passwall
   271 | D:4      | Noticed an ogre
   281 | D:4      | Succumbed to a worker ant's poison

Vault maps used:
D:1:      kilobyte_arrival_exit_the_forest
D:2:      makhleb_blood_cavern_becter, uniq_natasha, uniq_sigmund
D:3:      eat_drink_and_be_merry_uskayaw, kennysheep_decorative_pillar
D:4:      minmay_temple_entry_trees, first_ration

Skill      XL: |  1 |
---------------+----+-----
Stealth        | 3 |  3.0
Dodging        | |  2.6
Unarmed Combat | |  0.5
Spellcasting   | |  2.1
Transmutations | |  1.1
Earth Magic    | |  2.9

Action                   || total
-------------------------++-------
Melee: Unarmed           ||     3
       Bite              ||     1
 Cast: Sandblast         ||     7
  Eat: Chunk             ||     1
Armor: Skin              ||     2
Dodge: Dodged            ||     9

Table legend:
 A = Non-vault XP
 B = Vault XP
 C = Vault XP percentage of total XP
 D = Non-vault monster count
 E = Vault monster count
 F = Vault count percentage of total count
                 A         B        C        D         E       F
            +---------+---------+-------+---------+---------+-------
      Total |      14 |       0 |   0.0 |       4 |       0 |   0.0
            +---------+---------+-------+---------+---------+-------
        D:1 |      14 |       0 |   0.0 |       4 |       0 |   0.0
            +---------+---------+-------+---------+---------+-------
